 Dungeon Crawl Stone Soup version 0.29.1-15-g9cfb28693d (webtiles) character file.

Game seed: 1861930965516352435

8 Artool the Trooper (level 2, 21/24 HPs)
             Began as a Demonspawn Fighter on Apr 11, 2023.
             Quit the game on level 1 of the Dungeon.
             The game lasted 00:00:19 (228 turns).

Artool the Trooper (Demonspawn Fighter)              Turns: 228, Time: 00:00:20

Health: 21/24      AC:  6    Str: 16    XL:     2   Next: 0%
Magic:  2/2        EV:  8    Int:  9    God:
Gold:   40         SH:  4    Dex: 12    Spells: 1/1 levels left

rFire   . . .      SeeInvis .   a - +0 flail
rCold   . . .      Faith    .   c - +0 buckler
rNeg    . . .      Spirit   .   b - +0 scale mail
rPois   .          Reflect  .   (no helmet)
rElec   .          Harm     .   (no cloak)
rCorr   .          Rampage  .   (no gloves)
Will    .....                   (no boots)
Stlth   ..........              (no amulet)
HPRegen 0.08/turn               (no ring)
MPRegen 0.08/turn               (no ring)

@: no status effects
A: hooves 1
a: no special abilities


You were on level 1 of the Dungeon.
You visited 1 branch of the dungeon, and saw 1 of its levels.

You collected 40 gold pieces.

Inventory:

Hand Weapons
 a - a +0 flail (weapon)
Armour
 b - a +0 scale mail (worn)
 c - a +0 buckler (worn)
Scrolls
 e - a scroll of magic mapping {unknown}
 f - a scroll of noise {unknown}
Potions
 d - a potion of might


   Skills:
 + Level 3.1 Fighting
 + Level 2.0 Maces & Flails
 + Level 2.8 Armour
 + Level 2.8 Shields


You had one spell level left.
You didn't know any spells.
Your spell library was empty.

Dungeon Overview and Level Annotations

Branches:
Dungeon (1/15)

Altars:


Innate Abilities, Weirdness & Mutations

You have large cloven feet.


Message History

You sock the quokka!
You kill the quokka!
No target in view!
No target in view!
You see here a quokka corpse.
A quokka comes into view.
A rat and a goblin come into view.
The goblin shouts!
There are monsters nearby!
You hit the quokka.
The quokka is severely wounded.
An endoplasm comes into view.
The quokka bites you.
There are monsters nearby!
The endoplasm quivers.
You hit the quokka.
The quokka is almost dead.
The quokka barely misses you.
The quokka bites you but does no damage.
There are monsters nearby!
You barely miss the quokka.
The quokka is almost dead.
You block the quokka's attack. The goblin hits you with a +0 dagger.
You hit the quokka.
You kill the quokka!
The goblin barely misses you. The goblin hits you but does no damage.
The goblin attacks as you move away! The goblin barely misses you.
Found a ring mail.
You sock the goblin!
You kill the goblin!
You barely miss the rat. You block the rat's attack. x2
You sock the rat!
You kill the rat!
You sock the endoplasm!
You kill the endoplasm!
Your Maces & Flails skill increases to level 2!
You have reached level 2!
Your demonic ancestry asserts itself...
Your feet thicken and deform.
Are you sure you want to abandon this character and quit the game? (Confirm with "yes".)

....#..#+# ....#### #.#.#.#
.....# #.#...# ........
[.....# ###.#### #.#...# ##
...... #.#...# .. .......
..#####.#...# .# .......
........##.##..# ...[.
........@)..†..#
...............###.#.......
.......)...........#.......
..(............#...#.......
.........#.....#.#.#.......
.........#.. #..#.#.......
.........#.####.##.#.......
.........#.#.....#.........
...........#.#...#..


There were no monsters in sight!

Vanquished Creatures
  An endoplasm (D:1)
  A giant cockroach (D:1)
  A goblin (D:1)
  2 quokkas (D:1)
  A bat (D:1)
  A rat (D:1)
7 creatures vanquished.

Notes
Turn   | Place    | Note
-------+----------+-------------------------------------------
     0 | D:1      | Artool the Demonspawn Fighter began the quest for the Orb.
     0 | D:1      | Reached XP level 1. HP: 18/18 MP: 1/1
   228 | D:1      | Gained mutation: You have large cloven feet. [demonic
                  | ancestry]
   228 | D:1      | Reached XP level 2. HP: 21/24 MP: 2/2
   228 | D:1      | Quit the game

Illustrated notes

Levels and vault maps discovered:
D:1:      dpeg_arrival_short_road, layout_basic,
          hellmonk_ecumenical_altar_pennies_from_heaven, minmay_tripent

Skill      XL: |  1 |
---------------+----+-----
Maces & Flails | 2 |  2.0
Fighting       | |  3.1
Armour         | |  2.8
Shields        | |  2.8

Action                   || total
-------------------------++-------
Melee: Flail             ||    24
Armor: Scale mail        ||    11
Dodge: Dodged            ||    12
Block: Buckler           ||     8
